 Dungeon Crawl Stone Soup version 0.21.1-1-g345015f (webtiles) character file.

147 inc the Conjurer (level 5, -2/21 HPs)
             Began as a Felid Conjurer on Feb 20, 2018.
             Slain by a water moccasin zombie (3 damage)
             ... in an ossuary.
             The game lasted 00:11:01 (4596 turns).

inc the Conjurer (Felid Conjurer)                   Turns: 4596, Time: 00:11:01

Health: -2/21      AC:  2    Str:  4    XL:     5   Next: 8%
Magic:  0/9        EV: 18    Int: 19    God:
Gold:   190        SH:  0    Dex: 16    Spells: 4/8 levels left
                                        Lives:  0   Deaths: 1

rFire    . . .     SeeInvis +   (weapon unavailable)
rCold    . . .     Gourm    .   (shield unavailable)
rNeg     + . .     Faith    .   (armour unavailable)
rPois    .         Spirit   .   (helmet unavailable)
rElec    .         Reflect  .   (cloak unavailable)
rCorr    .         Harm     .   (gloves unavailable)
MR       .....                  (boots unavailable)
Stlth    +++.......             (no amulet)
HPRegen  0.07/turn              l - ring of positive energy
MPRegen  0.11/turn              (no ring)

@: quick
A: very small, no armour, no weapons or thrown items, stealth, claws 1, fangs 3,
see invisible, carnivore, speed 1, shaggy fur 2, slow metabolism 1, sharp paws
a: no special abilities


You were in an ossuary.
You were not hungry.

You visited 1 branch of the dungeon, and saw 5 of its levels.
You also visited: Ossuary.

You collected 190 gold pieces.

Inventory:

Jewellery
 l - a ring of positive energy (left paw)
Scrolls
 c - a scroll of remove curse {unknown}
 e - a scroll of magic mapping {unknown}
 f - 2 scrolls of blinking {unknown}
 g - 2 scrolls of teleportation {unknown}
 k - 3 scrolls of identify {unknown}
 p - a scroll of amnesia {unknown}
Potions
 d - a potion of degeneration {unknown}
 h - a potion of invisibility {unknown}
 i - a potion of might {unknown}
 j - 4 potions of curing {unknown}
 m - a potion of heal wounds
 n - a potion of resistance {unknown}
 o - a potion of berserk rage {unknown}
 q - a potion of flight {unknown}
Books
 a - a book of Conjurations

   Spells                             Type                      Level
   a - Magic Dart                     Conjuration                  1
   b - Searing Ray                    Conjuration                  2
   c - Dazzling Spray                 Conjuration/Hexes            3
   d - Fulminant Prism                Conjuration/Hexes            4
   e - Force Lance                    Conjuration/Translocation    4
   f - Iskenderun's Mystic Blast      Conjuration                  4
Comestibles
 b - 9 rations


   Skills:
 * Level 0.6 Fighting
 - Level 2.7 Dodging
 - Level 2.7 Stealth
 - Level 2.0 Spellcasting
 - Level 6.1 Conjurations
 + Level 3.6 Hexes


You had 4 spell levels left.
You knew the following spells:

 Your Spells              Type           Power        Failure   Level  Hunger
a - Magic Dart            Conj           ####         1%          1    #......
b - Dazzling Spray        Conj/Hex       ###...       7%          3    ###....


Dungeon Overview and Level Annotations

Branches:
Dungeon (5/15)
 Temple: D:4-7

Altars:
Okawaru
Wu Jian

Annotations:
D:3 Dioder's ghost, amateur TrMo


Innate Abilities, Weirdness & Mutations

You cannot wear armour.
You are incapable of wielding weapons or throwing items.
Your paws allow you to move quietly. (Stealth)
You have sharp claws.
You have razor-sharp teeth.
You have supernaturally acute eyesight. (SInv)
You are carnivorous and can eat meat at any time.
You cover ground quickly.
You are covered in thick fur. (AC +2)
You have a slow metabolism.
Your sharp claws are effective at attacking unaware monsters.


Message History

You completely miss the adder zombie.
The adder zombie is moderately damaged.
The adder zombie bites you.
* * * LOW HITPOINT WARNING * * *
The water moccasin zombie barely misses you.
You scratch the adder zombie.
The adder zombie is moderately damaged.
The adder zombie barely misses you.
The water moccasin zombie closely misses you.
You scratch the adder zombie.
The adder zombie is heavily damaged.
The water moccasin zombie misses you. The adder zombie closely misses you.
Casting: Dazzling Spray
Confirm with . or Enter, or press ? or * to list all spells.
You don't have enough magic to cast that spell.
Unknown command.
You scratch the adder zombie.
The adder zombie is heavily damaged.
The water moccasin zombie bites you.
You die...

#####
##########
#.Z.#
#!!??#...#
#@..+
+!$$!#.∩.'
#.Z.#
#?!!!#...#
#...# ####
#####
#...# #
###'# #
#..^# #
#^..# #
#^^.# #
#...# #


You could see an adder zombie and a water moccasin zombie.

Vanquished Creatures
  A crimson imp (D:5)
  A centaur zombie (D:3)
  An orc priest (D:4)
  A hound (D:5)
  A big kobold zombie (Ossuary)
  4 gnolls (D:2)
  4 adders (D:2)
  An adder zombie (Ossuary)
  A worm (D:2)
  5 dart slugs
  2 orcs
  3 bats
  A giant cockroach (D:1)
  3 hobgoblins
  4 jackals
  A ball python (D:4)
  4 frilled lizards (D:1)
  7 goblins
  2 hobgoblin zombies (Ossuary)
  3 kobolds
  2 kobold zombies (Ossuary)
  An orc zombie (Ossuary)
  4 rats
57 creatures vanquished.

Vanquished Creatures (others)
  An adder zombie (Ossuary)
1 creature vanquished.

Grand Total: 58 creatures vanquished

Notes
Turn   | Place    | Note
-------+----------+-------------------------------------------
     0 | D:1      | inc the Felid Conjurer began the quest for the Orb.
     0 | D:1      | Reached XP level 1. HP: 7/7 MP: 4/4
   470 | D:1      | Reached skill level 4 in Conjurations
   470 | D:1      | Reached XP level 2. HP: 4/11 MP: 0/6
  1610 | D:2      | Reached XP level 3. HP: 12/14 MP: 2/7
  1950 | D:2      | Reached skill level 5 in Conjurations
  2112 | D:2      | Reached XP level 4. HP: 18/18 MP: 3/8
  2749 | D:3      | Learned a level 3 spell: Dazzling Spray
  2979 | D:3      | Noticed Dioder's ghost (amateur TrMo)
  3080 | D:3      | Reached skill level 1 in Hexes
  3080 | D:3      | Reached XP level 5. HP: 7/21 MP: 0/9
  3629 | D:4      | Found an iron altar of Okawaru.
  3730 | D:5      | Entered Level 5 of the Dungeon
  3785 | D:5      | Found an ornate altar of the Wu Jian Council.
  3855 | D:5      | Reached skill level 6 in Conjurations
  3956 | D:5      | Noticed a centaur
  4024 | D:5      | Found a sand-covered staircase.
  4030 | Ossuary  | Entered an ossuary
  4561 | Ossuary  | Gained mutation: You are covered in thick fur. (AC +2) [Felid growth]
  4561 | Ossuary  | Reached XP level 6. HP: 18/25 MP: 0/10
  4577 | Ossuary  | Slain by a water moccasin zombie
  4578 | Ossuary  | Reached XP level 5. HP: -1/21 MP: 1/9
  4593 | Ossuary  | HP: 1/21 [adder zombie (1)]
  4596 | Ossuary  | Slain by a water moccasin zombie

Skill      XL: |  1  2  3  4  5 |
---------------+----------------+-----
Conjurations   | 4 5 6 |  6.1
Hexes          | 1 3 |  3.6
Fighting       | |  0.6
Dodging        | |  2.7
Stealth        | |  2.7
Spellcasting   | |  2.0

Action                   |  1- 3 |  4- 6 || total
-------------------------+-------+-------++-------
Melee: Unarmed           |    13 |    38 ||    51
       Bite              |     1 |     2 ||     3
 Cast: Magic Dart        |    76 |    90 ||   166
       Dazzling Spray    |       |     6 ||     6
  Use: Potion            |       |     1 ||     1
 Stab: Sleeping          |     4 |     4 ||     8
  Eat: Chunk             |    10 |     5 ||    15
Armor: Skin              |     1 |     5 ||     6
Dodge: Dodged            |    16 |    68 ||    84
